 Dungeon Crawl Stone Soup version 0.29.0 (webtiles) character file.

Game seed: 9312308738876451666

27 tchen the Trooper (level 3, 33/33 HPs)
             Began as a Meteoran Fighter on Sept 1, 2022.
             Quit the game on level 2 of the Dungeon.
             The game lasted 00:01:39 (518 turns).

tchen the Trooper (Meteoran Fighter)                 Turns: 518, Time: 00:01:39

Health: 33/33      AC:  6    Str: 19    XL:     3   Next: 44%
Magic:  4/4        EV:  9    Int:  9    God:
Gold:   22         SH:  5    Dex: 14    Spells: 2/2 levels left

rFire   . . .      SeeInvis .   a - +0 flail
rCold   . . .      Faith    .   c - +0 buckler
rNeg    . . .      Spirit   .   b - +0 scale mail
rPois   .          Reflect  .   (no helmet)
rElec   .          Harm     .   (no cloak)
rCorr   .          Rampage  .   (no gloves)
Will    .....                   (no boots)
Stlth   ..........              j - amulet of the acrobat
HPRegen 0.11/turn               (no ring)
MPRegen 0.09/turn               (no ring)

@: glowing
A: sense surroundings 1, otherworldly, glowing, explore regen
a: no special abilities


You were on level 2 of the Dungeon.
You visited 1 branch of the dungeon, and saw 2 of its levels.

You collected 22 gold pieces.

Inventory:

Hand Weapons
 a - a +0 flail (weapon)
Armour
 b - a +0 scale mail (worn)
 c - a +0 buckler (worn)
Jewellery
 j - an amulet of the acrobat (around neck)
Scrolls
 e - a scroll of teleportation {unknown}
 g - 3 scrolls of identify {unknown}
 h - a scroll of enchant armour {unknown}
Potions
 d - a potion of might
 f - 2 potions of resistance {unknown}
 i - a potion of haste {unknown}


   Skills:
 + Level 4.0 Fighting
 + Level 3.8 Maces & Flails
 - Level 3.6 Armour
 - Level 3.6 Shields


You had 2 spell levels left.
You didn't know any spells.
Your spell library was empty.

Dungeon Overview and Level Annotations

Branches:
Dungeon (2/15) Zot: 671

Altars:

Shops:
D:1 *([[(


Innate Abilities, Weirdness & Mutations

You passively map a small area around you.
You are easily found by Zot.
You glow in the dark.
You regain HP and MP as you explore.


Message History

You hit the endoplasm.
You kill the endoplasm!
Your Fighting skill increases to level 4!
No target in view!
g - 3 scrolls labelled PORISU YHAUN (gained 1)
Found Pufun's General Store.
i - a murky white potion
j - an amulet of the acrobat You start putting on your amulet.
You continue putting on your amulet of the acrobat. x2
You have lingered too long.
Zot senses you.
Dive deeper or flee this branch before you suffer!
Keep equipping yourself?
You continue putting on your amulet of the acrobat. x3
You finish putting on your amulet of the acrobat.
You feel ready to tumble and roll out of harm's way.
j - an amulet of the acrobat (around neck)
You open the door.
A rat comes into view.
The rat moves out of view.
Found 14 gold pieces.
You barely miss the rat. The rat bites you.
The rat bites you but does no damage.
You barely miss the rat. The rat bites you.
You barely miss the rat. The rat bites you but does no damage.
You hit the rat.
You kill the rat!
There is an open door here.
(D) Dungeon
Where to? (? - help)
There is a stone staircase leading down here.
You climb downwards.
As you enter the new level, Zot loses track of you.
The frilled lizard hisses angrily.
Found a scroll labelled PORISU YHAUN.
There is a stone staircase leading up here.
A frilled lizard is nearby!
You sock the frilled lizard!
You kill the frilled lizard!
No target in view!
Are you sure you want to abandon this character and quit the game? (Confirm with "yes".)

* #####
#####.....#
#.........#
#.........#
#.........# * *
#.........# >
#.........#*
#.<.......## *
*#...@?......
..............#.
*
..###.##.##.###,
*#. ..# .. , ,
.. ..# ##
.#....# , *
#.###.## , , #
,.. , , , * ,


There were no monsters in sight!

Vanquished Creatures
  A gnoll (D:1)
  A dart slug (D:1)
  3 endoplasms (D:1)
  A giant cockroach (D:1)
  A goblin (D:1)
  2 hobgoblins (D:1)
  A kobold (D:1)
  A ball python (D:1)
  2 frilled lizards
  3 rats (D:1)
16 creatures vanquished.

Notes
Turn   | Place    | Note
-------+----------+-------------------------------------------
     0 | D:1      | tchen the Meteoran Fighter began the quest for the Orb.
     0 | D:1      | Reached XP level 1. HP: 19/19 MP: 2/2
   122 | D:1      | Reached XP level 2. HP: 25/26 MP: 3/3
   166 | D:1      | Found Jaidif Rass's Antique Weapon Shoppe.
   234 | D:1      | Reached XP level 3. HP: 19/33 MP: 4/4
   266 | D:1      | Found Qiegaukh's Armour Emporium.
   340 | D:1      | Found Ubilaif's Antique Armour Shoppe.
   384 | D:1      | Found Emab's Antique Weapon Boutique.
   448 | D:1      | Reached skill level 4 in Fighting
   480 | D:1      | Found Pufun's General Store.
   490 | D:1      | Glimpsed the power of Zot.
   518 | D:2      | Quit the game

Illustrated notes

Levels and vault maps discovered:
D:1:      matt_arrival_spirals, layout_basic, serial_shops, shop_statue, shop,
          shop, shop, nicolae_shop_crystal, ebering_ecumenical_altar_mist,
          serial_bayou_ford_a, hangedman_decor_peaks_small
D:2:      minmay_spotlight, layout_basic, minivault_11, bh_walls_and_bars

Skill      XL: |  1  2  3 |
---------------+----------+-----
Maces & Flails | 3 |  3.8
Fighting       | 4 |  4.0
Armour         | |  3.6
Shields        | |  3.6

Action                   || total
-------------------------++-------
Melee: Flail             ||    40
Armor: Scale mail        ||    11
Dodge: Dodged            ||     8
Block: Buckler           ||     5
